Workbook

Sheet Hoja1
B2: Empresa PAL,C.A. | F2: Metodo Indirecto
B3: Solucion | F3: Tipo de Salida | G3: Concepto | H3: Importe + | I3: Importe -
B4: Variacion Cuentas por cobrar | F4: Aumento | G4: Utilidad | H4: 212000
B5: Ventas Totales | D5: 2300000 | F5: Disminucion | G5: Cuentas a cobrar | I5: 33000
B6: Variacion Cuentas por cobrar | C6: 33000 | D6: =+D5-C6 -> 2267000 | F6: Disminucion | G6: Inventarios | I6: 70000
B7: Variacion del costo | F7: Disminucion | G7: Otras Cuentas | I7: 5000
B8: Costo de ventas | D8: 1120000 | E8: =+D56 | F8: Aumento | G8: Iva Credito fiscal | H8: 22000
B9: Variacion Inventarios | D9: 70000 | F9: Aumento | G9: Equipo Oficina | H9: 2000
B10: Variacion Cuentas por pagar | C10: 102000 | F10: Disminucion | G10: Equipo Computacion | I10: 79000
B11: Pago a proveedores | D11: =+D8+D9-C10 -> 1088000 | F11: Disminucion | G11: Equipo Transporte | I11: 70000
B12: Variacion otros ingresos y egresos | F12: Disminucion | G12: Edificio | I12: 60000
B13: Gastos de ventas | D13: 452000 | F13: Aumento | G13: Terrenos | H13: 76000
B14: Gastos de administacion | D14: 428000 | F14: Aumento | G14: Depreciaciones | H14: 68000
B15: Productos financieros | C15: 28000 | F15: Aumento | G15: Cuentas a pagar | H15: 102000
B16: Gastos financieros | D16: 50000 | F16: Aumento | G16: Acreedores | H16: 47000
B17: Depreciaciones | C17: 68000 | F17: Disminucion | G17: Iva debito fiscal | I17: 38000
B18: Total gastos | D18: =+D13+D14+D16-C15-C17 -> 834000 | F18: Disminucion | G18: Impuestos a pagar | I18: 49000
F19: Disminucion | G19: capital social | I19: 9000
B20: Otras cuentas a cobrar | D20: 5000
B21: Iva credito fiscal | C21: 22000
B22: Equipo de oficina | C22: 2000
B23: Equipo de computacion | D23: 79000
B24: Equipo de transporte | D24: 70000
B25: Edificio | D25: 60000
B26: Terreno | C26: 76000
B27: Acreedores diversos | C27: 47000
B28: Iva debito fiscal | D28: 38000
B29: Impuesto por pagar | D29: 49000
B30: Capital social | D30: 9000
B31: Imuesto sobre la renta | D31: 66000

Sheet Hoja2
B2: Empresa: PAL,C.A.
B3: ESTADO DE FLUJO DEL EFECTIVO
B4: AÑOS | C4: 2025
B5: METODO DIRECTO | E5: METODO INDIRECTO
B6: Actividades de operación | E6: Actividades de operación
B7: Cobros a clientes | C7: =+Hoja1!D6 -> 2267000 | E7: Utilidad neta del ejercicio | F7: 212000
B8: Pagos a proveedores | C8: =-Hoja1!D11 -> -1088000 | E8: Cuentas por cobrar | F8: -33000
B9: Pagos de gastos | C9: =-Hoja1!D18 -> -834000 | E9: Inventarios | F9: -70000
B10: Iva credito fiscal | C10: =+Hoja1!C21 -> 22000 | E10: Iva credito fiscal | F10: 22000
B11: Iva debito fiscal | C11: =-Hoja1!D28 -> -38000 | E11: Depreciaciones | F11: 68000
B12: Impuestos a pagar | C12: =-Hoja1!D29 -> -49000 | E12: Cuentas por pagar | F12: 102000
B13: Impuesto sobre la renta | C13: =-Hoja1!D31 -> -66000 | E13: Iva debito fiscal | F13: -38000
B14: Total efectivo de operaciones | C14: =SUM(C7:C13) -> 214000 | E14: Impuestos a pagar | F14: -49000
E15: Total efectivo de operación | F15: =SUM(F7:F14) -> 214000
B16: Actividades de Inversion
B17: Equipo de oficina | C17: =+Hoja1!C22 -> 2000 | E17: Actividades de Inversion
B18: Equipo de computacion | C18: =-Hoja1!D23 -> -79000 | E18: Equipo de oficina | F18: 2000
B19: Equipo de transporte | C19: =-Hoja1!D24 -> -70000 | E19: Equipo de computacion | F19: -79000
B20: Edificio | C20: =-Hoja1!D25 -> -60000 | E20: Equipo de transporte | F20: -70000
B21: Terrenos | C21: =+Hoja1!C26 -> 76000 | E21: Edificio | F21: -60000
B22: Total efectivo de inversion | C22: =SUM(C17:C21) -> -131000 | E22: Terrenos | F22: 76000
E23: Total efectivo de inversion | F23: =SUM(F18:F22) -> -131000
B24: Actividades Financieras
B25: Deudores Diversos | C25: -5000 | E25: Actividades Financieras
B26: Acreedores Diversos | C26: 47000 | E26: Deudores Diversos | F26: -5000
B27: Capital social | C27: -9000 | E27: Acreedores Diversos | F27: 47000
B28: Total efectivo de Financiacion | C28: =SUM(C25:C27) -> 33000 | E28: Capital social | F28: -9000
E29: Total efectivo de Financiacion | F29: =SUM(F26:F28) -> 33000
B30: Variacion flujo de efectivo | C30: =+C14+C22+C28 -> 116000 | E30: Variacion flujo de efectivo | F30: 116000
B31: Efectivo en caja y bancos | C31: 81000 | E31: Efectivo en caja y bancos | F31: 81000
B32: Flujo efectivo al final | C32: =+C30+C31 -> 197000 | E32: Flujo efectivo al final | F32: =+F30+F31 -> 197000
